[Event "Silves Open 2025"]
[Site "Fissul"]
[Date "2025.03.03"]
[Round "1.14"]
[White "Malassagne, Raphael"]
[Black "Munno Moyano, Mario"]
[Result "1-0"]
[Annotator "TA"]
[ECO "A45"]
[WhiteElo "2267"]
[BlackElo "1755"]
[PlyCount "87"]
[EventDate "2025.03.03"]
[EventType "swiss"]
[EventCountry "POR"]
[SourceTitle "playchess.com"]
[Source "ChessBase"]
[SourceQuality "1"]
[TimeControl "5400+30"]

1. d4 Nf6 2. Bf4 c5 3. d5 d6 4. Nc3 e5 5. dxe6 Bxe6 6. e4 {[%emt 0:00:41][%cal Be2e4,Be4e5][%mdl 32] A45: Trompowsky Attack.} Nc6 7. Nf3 h6 8. Bb5 {[%emt 0:07:23] The position is equal.} Be7 $146 (8... a6 9. Bxc6+ bxc6 10. Qd2 d5 11. exd5 cxd5 12. O-O Be7 13. Rfe1 O-O 14. Ne5 Qc8 {0-1 Srienz,C-Theuretzbacher,K (2210) AUT-ch sf Hartberg 1992}) 9. O-O O-O 10. Bxc6 bxc6 11. e5 Nd5 12. exd6 Nxf4 13. dxe7 Nh3+ $2 {[%emt 0:00:07][%mdl 8192] Black is now going downhill.} 14. gxh3 $18 Qxe7 15. Kh1 Qf6 16. Ng1 Bc4 {[%emt 0:08:17] [#]} 17. Qf3 $1 Qxf3+ 18. Nxf3 Bxf1 19. Rxf1 Rab8 20. b3 Rfe8 21. Kg2 c4 22. Nd2 (22. bxc4 $6 Rb4 $16) 22... cxb3 23. axb3 ({Don't take} 23. cxb3 $6 Rbd8 24. Nc4 Re6) 23... Re5 24. Ra1 Rg5+ 25. Kf1 Rb7 26. Ra6 Rc7 27. Ra4 Rd7 28. h4 Re5 {[%emt 0:07:29] [#]} (28... Rh5 29. Nc4 Rxh4) 29. Nc4 $1 Rh5 30. Ne3 Rc5 31. Ne4 Re5 32. Rc4 f5 33. Ng3 Rf7 34. Ngxf5 Rfxf5 35. Nxf5 Rxf5 36. Rxc6 {[%emt 0:00:03][%mdl 4096] Endgame KR-KR. White is two pawns up.} Rb5 (36... a5 {was called for.} 37. Rc4 Re5) 37. Ra6 Rb7 38. h5 Kf7 39. Ke2 Rd7 (39... Rb5 $142 40. Rxa7+ Kg8 41. Ra8+ Kh7) 40. b4 Ke8 41. Ke3 {[%emt 0:00:29] Strongly threatening c4.} Kd8 $2 (41... Rc7 42. Kd3 Rd7+ 43. Kc3 Rf7) 42. c4 {[%emt 0:00:09] White is clearly winning.} Kc8 43. b5 Kb8 44. Rg6 {[%emt 0:00:05] Weighted Error Value: White=0.13 (very precise) /Black=0.33  Loses game:     	---       	Black=1      Mistake:       	---       	Black=4      Inaccurate:     	White=1     	---        OK:         	White=21    	Black=12     Best:        	White=1     	---} 1-0

[Event "Silves Open 2025"]
[Site "Fissul"]
[Date "2025.03.03"]
[Round "1.16"]
[White "Rasti, Arvin"]
[Black "Crow, Steve"]
[Result "1-0"]
[Annotator "TA"]
[ECO "A84"]
[WhiteElo "2232"]
[BlackElo "1742"]
[PlyCount "87"]
[EventDate "2025.03.03"]
[EventType "swiss"]
[EventCountry "POR"]
[SourceTitle "playchess.com"]
[Source "ChessBase"]
[SourceQuality "1"]
[TimeControl "5400+30"]

1. Nf3 f5 2. d4 Nf6 3. c4 e6 4. g3 b6 5. Bg2 Bb7 6. Nc3 Be7 7. O-O O-O 8. d5 exd5 9. Nd4 Ne4 10. cxd5 Nxc3 11. bxc3 c5 $146 {[%emt 0:00:00] A84: Dutch Defence: 2 c4 Miscellaneous.} (11... Bd6 $14) ({Predecessor:} 11... Na6 12. d6 Bxg2 13. dxe7 Qxe7 14. Kxg2 Qe4+ 15. f3 Qd5 16. Qb3 Qxb3 17. axb3 Nc5 18. b4 Nb7 19. Bf4 {1-0 Nagorski,A (1843)-Mukkattu,P (1676) George Trundle Reserves 2017 (2)}) 12. dxc6 Nxc6 13. Nb5 Kh8 {[%emt 0:02:30] White is better.} 14. Re1 ({White should play} 14. Bf4 $16) 14... Na5 15. Bf4 Bxg2 16. Kxg2 Rf6 {White stays focused until the end.} ({Black should play} 16... Rc8 $14) 17. e4 $16 {White is more active.} a6 (17... fxe4 $16 {keeps fighting.} 18. Rxe4 Nc6) 18. Nc7 $18 Rc8 19. Nd5 (19. Nxa6 Rxc3 20. Be5 Rcc6) 19... Rf7 20. exf5 Nc4 21. Qe2 Bf6 22. Bc7 Rxc7 (22... Qf8 $142 23. Qxc4 Bd8) 23. Nxc7 Nd6 24. Nd5 (24. Nxa6 Bxc3 25. Rad1 Bxe1 $18) 24... Qa8 25. Qf3 Bg5 26. Nxb6 {[%emt 0:00:30] White is clearly winning.} Qxf3+ 27. Kxf3 Rxf5+ 28. Kg2 Bd2 {[%emt 0:00:00] [#]} 29. Nc4 $1 Bxe1 (29... Nxc4 30. Re8+) 30. Rxe1 ({Worse is} 30. Nxd6 Rxf2+ (30... Bxc3 $2 {loses.} 31. Rc1 $18) 31. Kh3 Re2 $11 (31... Bxc3 32. Rc1 $11)) 30... Rc5 31. Nxd6 {[%emt 0:00:30][%cal Re1e8][%mdl 4096] Endgame KRN-KR} h6 32. c4 Rc6 33. Re8+ Kh7 34. Nf7 {[%emt 0:00:30] Rh8+ is the strong threat.} d6 35. c5 Rxc5 36. Nxd6 Ra5 37. Re2 Rd5 38. Nc4 Rc5 39. Ne5 h5 40. h4 Rc7 41. Re4 Re7 {[%emt 0:00:30] [#]} 42. Nf3 $1 Rc7 (42... Rxe4 43. Ng5+) 43. Ng5+ Kh6 44. Re6+ {[%emt 0:00:30] Weighted Error Value: White=0.16 (very precise) /Black=0.34  Mistake:       	White=1     	Black=3      Inaccurate:     	White=1     	Black=2      OK:         	White=16    	Black=7      Best:        	White=1     	Black=1} 1-0

[Event "Silves Open 2025"]
[Site "Fissul"]
[Date "2025.03.03"]
[Round "1.17"]
[White "Tolentino, Andre Angelo"]
[Black "Monteiro, Paulo Alexandre G"]
[Result "0-1"]
[Annotator "TA"]
[ECO "B77"]
[WhiteElo "1843"]
[BlackElo "2221"]
[PlyCount "66"]
[EventDate "2025.03.03"]
[EventType "swiss"]
[EventCountry "POR"]
[SourceTitle "playchess.com"]
[Source "ChessBase"]
[SourceQuality "1"]
[TimeControl "5400+30"]

1. e4 c5 2. Nf3 d6 3. d4 cxd4 4. Nxd4 Nf6 5. Nc3 g6 6. Bc4 Bg7 7. O-O O-O 8. f3 Nc6 9. Be3 Bd7 10. Qd2 Ne5 11. Bb3 Rc8 12. Nd5 {[%emt 0:00:30] B77: Sicilian Dragon: Yugoslav Attack, 9 Bc4 sidelines.} Nxd5 13. Bxd5 b5 14. c3 {[%emt 0:00:30] Black has an edge.} a5 {[%emt 0:00:30] With the idea ...e6.} 15. a3 $146 (15. Bh6 e6 16. Bxg7 Kxg7 17. Bb3 a4 18. Bc2 Nc4 19. Qc1 b4 20. Bd3 a3 21. Bxc4 Rxc4 22. bxa3 bxc3 {0-1 Ortiz Lopera,M (1396)-Cordoba Roa,A (1892) Medellin Luces op 2020 (2)}) 15... Nc4 16. Bxc4 Rxc4 (16... bxc4 $15 17. Ne2 Rb8) 17. Bh6 Qb6 18. Bxg7 Kxg7 19. Qf2 Rb8 20. Nc2 Qb7 21. Qe3 Rc5 22. f4 Bc6 23. Rae1 Rc4 24. Nd4 {[%emt 0:00:30] Strongly threatening f5.} b4 $2 {[%emt 0:00:30] [#]} ({Black should try} 24... e5 $11 25. fxe5 dxe5 26. Nxc6 Rxc6 (26... Qxc6 27. Rd1 $17)) 25. Nxc6 $2 (25. f5 $16 {stays on course.}) 25... Qxc6 $17 26. f5 {[%emt 0:00:30] This move loses the game for White.} (26. cxb4 $1 $15 axb4 27. Re2) 26... bxc3 27. bxc3 Qc5 28. Qxc5 Rxc5 29. fxg6 hxg6 $19 {[%emt 0:00:30][%cal Ob8b3] KRR-KRR} ({Weaker is} 29... Rxc3 30. Rxf7+ (30. gxf7 Rf8 $11) 30... Kxg6 31. Rxe7 $14) 30. Re3 Rb3 31. Ra1 (31. Ref3 $142 f6 (31... Rcxc3 32. Rxf7+ Kh6 33. h3 $11) 32. c4 Rxf3 33. Rxf3) 31... Rcxc3 {[%emt 0:00:30] Black has a decisive advantage.} 32. Rxc3 Rxc3 33. Kf2 Kf6 {[%emt 0:00:30] Weighted Error Value: White=0.44/Black=0.25 (precise)   Mistake:       	White=3     	Black=2      Inaccurate:     	White=3     	Black=3      OK:         	White=5     	Black=7      Best:        	White=1     	---} 0-1

[Event "Silves Open 2025"]
[Site "Fissul"]
[Date "2025.03.03"]
[Round "1.19"]
[White "Jeremias, Damaim"]
[Black "Santos, Antonio P"]
[Result "0-1"]
[Annotator "TA"]
[ECO "A88"]
[WhiteElo "1690"]
[BlackElo "2209"]
[PlyCount "62"]
[EventDate "2025.03.03"]
[EventType "swiss"]
[EventCountry "POR"]
[SourceTitle "playchess.com"]
[Source "ChessBase"]
[SourceQuality "1"]
[TimeControl "5400+30"]

1. Nf3 d6 2. d4 f5 3. g3 Nf6 4. Bg2 g6 5. c4 Bg7 6. Nc3 O-O 7. O-O c6 8. Re1 Ne4 9. Qd3 Nxc3 {[%emt 0:00:30] A88: Dutch Defence: Leningrad System: 5 Nf3 0-0 6 0-0 d6 7 Nc3 c6.} 10. bxc3 e5 {[%emt 0:00:30] [#] Threatens to win with ...e4.} 11. dxe5 dxe5 {[%emt 0:00:30] The position is equal.} 12. Qc2 (12. Qxd8 $11 Rxd8 13. a4) 12... e4 13. Rd1 $146 (13. Nd4 a6 14. a4 Qf6 15. c5 Nd7 16. Ba3 Ne5 17. Qa2+ Kh8 18. f3 exf3 19. exf3 {0-1 Guasch Murtra,J (1891)-Vinals Rioja,J (2051) La Pobla de Lillet op-A 29th 2019 (3)}) 13... Qa5 (13... Nd7 $17 14. Nd4 Qe7) 14. Nd4 $15 c5 15. Nb5 Be6 ({Better is} 15... Nc6 $11) 16. Bf4 $14 Na6 {[%emt 0:00:30] Wards off Nc7} 17. Qb3 Rfd8 18. a4 Rxd1+ (18... Bf6 $16 19. f3 g5) 19. Rxd1 $18 Rd8 20. Rxd8+ ({Don't do} 20. Nxa7 Rxd1+ 21. Qxd1 Bxc3 $16) (20. f3 $18) 20... Qxd8 $16 21. Nxa7 Qd7 (21... Qe7 $16 {is a better defense.}) 22. Nb5 h6 23. h4 Qd8 {[%emt 0:00:30] Loses the game.} (23... Bf6 $16 24. Bxh6 Be5) 24. Nd6 $18 g5 25. Nxb7 Qf6 26. hxg5 hxg5 27. Bd2 Bc8 28. Qb5 Qe7 {[%emt 0:00:30] Prevents Qe8+.} 29. Qxa6 Bxb7 30. Qg6 g4 $2 {[%emt 0:00:30] [#]} (30... Qf6 31. Qe8+ (31. Qxg5 Qxg5 32. Bxg5 Bxc3 $18) 31... Kh7) 31. Qxf5 Qf6 {[%emt 0:00:30][%mdl 32768] Weighted Error Value: White=0.14 (very precise) /Black=0.52 Loss on time!?  Mistake:       	White=2     	Black=6      Inaccurate:     	White=1     	Black=2      OK:         	White=8     	Black=5      Best:        	White=2     	---} 0-1

[Event "Silves Open 2025"]
[Site "Fissul"]
[Date "2025.03.03"]
[Round "1.20"]
[White "Ryabukhin, Roman"]
[Black "Bravo Galvez, Ricardo"]
[Result "1-0"]
[Annotator "TA"]
[ECO "D00"]
[WhiteElo "2209"]
[BlackElo "2098"]
[PlyCount "69"]
[EventDate "2025.03.03"]
[EventType "swiss"]
[EventCountry "POR"]
[SourceTitle "playchess.com"]
[Source "ChessBase"]
[SourceQuality "1"]
[TimeControl "5400+30"]

1. d4 d5 2. Bf4 Nf6 3. Nc3 c6 4. e3 Bf5 5. f3 h6 6. g4 {[%emt 0:00:30] D00: 1 d4 d5: Unusual lines.} Bg6 7. h4 Qb6 8. Na4 {[%emt 0:00:30] White is slightly better.} Qa5+ 9. c3 Nbd7 {[%emt 0:00:30] Inhibits Nc5.} 10. b4 Qd8 11. Nb2 $146 (11. Bd3 a5 12. Bxg6 fxg6 13. a3 b5 14. Nb2 e6 15. Qd3 Kf7 16. Rd1 axb4 17. axb4 {0-1 Fiorito,F (2340)-Llorente Zaro,A (2436) Titled Tuesday intern op 29th Aug Late blitz 2023 (11)}) 11... b5 (11... a5 $11 {keeps the balance.}) 12. a4 $36 {[%emt 0:00:30][%mdl 2048] Black is under strong pressure.} a6 13. a5 {[%emt 0:00:30] Dodges Nb6} e6 14. Qd2 Qe7 15. Qh2 Ng8 (15... O-O-O $142) 16. h5 Bh7 17. Bd3 f6 18. Bxh7 Rxh7 19. Nd3 Qf7 20. O-O-O Ne7 21. e4 {[%emt 0:00:30] White is more active.} g6 22. hxg6 Nxg6 23. exd5 cxd5 24. Bg3 O-O-O 25. Nh3 Be7 26. Nhf4 Ndf8 (26... Nxf4 $16 27. Nxf4 (27. Bxf4 e5 $14) 27... f5) 27. Rhe1 ({White should play} 27. Nxg6 $18 Qxg6 28. Kb2) 27... f5 {[%emt 0:00:30][%csl Oe6,Oh6] Black has weak pawns} (27... Nxf4 $16 28. Nxf4 Re8) 28. Nh5 Nd7 29. Re2 Rhh8 30. Rde1 Ngf8 (30... Rde8 {was worth a try.} 31. Kb2 (31. Rxe6 Bg5+ 32. Kb2 Rxe6 $17) 31... Bg5) 31. Kc2 $18 {[%emt 0:00:30] Strongly threatening gxf5.} Re8 (31... fxg4 $142 32. fxg4 Re8) 32. Nhf4 (32. gxf5 $142 Qxf5 33. Ng7) 32... Bd8 {[%emt 0:00:30] [#]} 33. Nxd5 $1 Ng6 (33... Kb7 34. N5f4) 34. Nc7 Bxc7 35. Bxc7 {[%emt 0:00:30] Weighted Error Value: White=0.31/Black=0.56  Mistake:       	White=2     	Black=6      Inaccurate:     	White=3     	Black=3      OK:         	White=13    	Black=10} 1-0

[Event "Silves Open 2025"]
[Site "Fissul"]
[Date "2025.03.03"]
[Round "1.21"]
[White "Breitkopf, Ilian"]
[Black "Milat, Marcel"]
[Result "0-1"]
[Annotator "TA"]
[ECO "B34"]
[WhiteElo "1671"]
[BlackElo "2190"]
[PlyCount "56"]
[EventDate "2025.03.03"]
[EventType "swiss"]
[EventCountry "POR"]
[SourceTitle "playchess.com"]
[Source "ChessBase"]
[SourceQuality "1"]
[TimeControl "5400+30"]

1. e4 c5 2. Nf3 Nc6 3. d4 cxd4 4. Nxd4 g6 5. Nc3 Bg7 6. Be3 Nf6 7. Bb5 {[%emt 0:04:10] B34: Sicilian: Accelerated Dragon with 5 Nc3: sidelines.} O-O 8. f4 (8. O-O $11 {remains equal.}) 8... a6 (8... Ng4 $17 9. Bg1 e5 10. fxe5 Ngxe5 (10... Ncxe5 11. Qe2 $15)) 9. Nxc6 $146 {[%emt 0:07:25] The position is equal.} (9. Bxc6 bxc6 10. O-O Rb8 11. Rb1 a5 12. Qf3 Ba6 13. Rf2 Qc7 14. f5 c5 15. Nb3 c4 {0-1 Mustakova,K-Nurdin,T (2025) Gran Canaria Online Blitz 3rd 2022 (1)}) 9... bxc6 10. Ba4 (10. Be2 $1 $11) 10... Qa5 $15 11. Qd4 {[%emt 0:10:43] [#]} (11. Qf3 $15) 11... Nd5 $1 $36 {[%emt 0:15:52][%mdl 2560] White is under strong pressure.} 12. e5 Nxe3 13. Qxe3 d6 14. Bxc6 ({Better is} 14. O-O-O) 14... Rb8 $17 {[%emt 0:00:05][%cal Rd6e5] Black sacrificed a pawn} 15. Rb1 (15. O-O $17 {was necessary.}) 15... dxe5 16. fxe5 Be6 {[%emt 0:02:03][%cal Of8c8] [#]} 17. O-O Bxe5 18. Rfe1 Bf6 19. Ne4 (19. Be4 $142) 19... Bxb2 $19 {[%emt 0:00:22][%cal Of8c8] and ...Rfc8! would now be decisive} 20. Ng5 $2 (20. Rbd1) 20... Bxa2 {[%emt 0:00:47] This pair of bishops is nice.} (20... Qxa2 $2 21. Nxe6 Qxe6 22. Qxe6 fxe6 23. Rbd1 $19) 21. Rbd1 Rbc8 ({Much less strong is} 21... Qb6 22. Qxb6 Rxb6 23. Bd5 Bxd5 24. Rxd5 $19) 22. Be4 Bf6 23. Nf3 Bc4 24. Rd7 Qc5 25. Nd4 (25. Ra7 $142) 25... Rfd8 26. Rxd8+ Rxd8 27. Nf5 (27. Nf3 $142 Qc7 28. g3) 27... Qa5 28. Nh6+ Kg7 {[%emt 0:00:02] Weighted Error Value: White=0.65/Black=0.21 (precise)   Mistake:       	White=9     	Black=1      OK:         	White=6     	Black=10     Best:        	White=1     	Black=1} 0-1

[Event "Silves Open 2025"]
[Site "Fissul"]
[Date "2025.03.03"]
[Round "1.22"]
[White "Sarabando, Rodrigo Andias"]
[Black "Ruiz Esteban, Ruben"]
[Result "1-0"]
[Annotator "TA"]
[ECO "E18"]
[WhiteElo "2097"]
[BlackElo "1655"]
[PlyCount "89"]
[EventDate "2025.03.03"]
[EventType "swiss"]
[EventCountry "POR"]
[SourceTitle "playchess.com"]
[Source "ChessBase"]
[SourceQuality "1"]
[TimeControl "5400+30"]

1. d4 d5 2. c4 e6 3. Nf3 Nf6 4. g3 Be7 5. Bg2 O-O 6. O-O b6 7. cxd5 exd5 8. Nc3 Bb7 9. Bf4 c5 10. Nh4 $146 {[%emt 0:00:30] E18: Queen's Indian: Old Main Line (4 g3 Bb7 5 Bg2 Be7 6 0-0 0-0 7 Nc3).} ({Predecessor:} 10. dxc5 Bxc5 11. Ne5 Re8 12. e3 h6 13. h4 Nbd7 14. Nxd7 Qxd7 15. Rc1 Rac8 16. Qd3 Red8 17. Be5 Ne4 {1-0 Bok,B (2583)-Drozdowski,K (2450) Titled Tuesday intern op 11th Feb Early blitz 2025 (9)}) 10... Nc6 (10... Qd7 $11 {keeps the balance.}) 11. dxc5 $16 bxc5 {[%emt 0:00:30] [#]} (11... d4 12. Nb5 $14) 12. Nf5 $1 {[%emt 0:00:30] White is better.} (12. Bxd5 Nxd5 13. Qxd5 g5 $17) 12... d4 13. Nb5 {[%emt 0:00:30] A sharp opening White is much more active.} Na5 {[%emt 0:00:30] aiming for ...Bxg2.} 14. Nxe7+ Qxe7 15. Bd6 {[%emt 0:00:30] This pair of bishops is nice.} Qd7 16. Bxb7 Qxb7 {[%emt 0:00:30] [#]} (16... Nxb7 $16 17. Bxf8 Rxf8) 17. Qa4 $1 $18 Nc6 18. Bxf8 Rxf8 19. Rac1 Ne4 (19... Qb6 $16 20. Na3 d3) 20. f3 Ne5 $2 (20... Ng5 $16) 21. Nxd4 Nd2 22. Rfd1 Qxb2 (22... cxd4 23. Rxd2 d3) 23. Rc2 (23. Rxc5 $142 Nec4 24. Rxc4 Nxc4 25. Qxc4) 23... Qxd4+ 24. Qxd4 cxd4 (24... Ndxf3+ {was called for.} 25. exf3 Nxf3+ 26. Kg2 Nxd4 27. Rxc5 Ne6) 25. Rcxd2 {[%emt 0:00:30][%mdl 4096] Endgame KRR-KRN} d3 26. Kf2 (26. exd3 Nxf3+ 27. Kf2 Nxd2 $11) ({Weaker is} 26. f4 Nc4 $16) (26. Re1 $18) 26... Nc4 $16 27. Rxd3 Nb2 28. Rb1 Nxd3+ 29. exd3 {[%emt 0:00:30] KR-KR. White is a pawn up.} g6 30. Ke3 (30. Rb7 $18) 30... Ra8 (30... Re8+ $16 31. Kd2 Re5) 31. d4 f5 (31... Re8+ $16 32. Kd3 Re6) 32. Rb7 $18 h6 33. Kd3 g5 34. d5 h5 35. Kd4 Re8 36. Rxa7 Re2 37. d6 {[%emt 0:00:30] Strongly threatening d7.} Rxh2 $2 (37... Kf8 38. Kd5 Rxh2 39. Ra8+ Kf7) 38. Ke5 (38. d7 $142 Rd2+ 39. Kc3 (39. Ke3 Rd5 $18)) 38... h4 39. d7 Rd2 40. Ra8+ Kg7 41. d8=Q Rxd8 42. Rxd8 Kg6 43. g4 fxg4 44. fxg4 Kf7 45. a4 {[%emt 0:00:30] Weighted Error Value: White=0.44/Black=0.99  Loses game:     	---       	Black=1      Missed win:     	White=1     	---        Mistake:       	White=3     	Black=8      Inaccurate:     	---       	Black=2      OK:         	White=10    	Black=8      Best:        	White=1     	Black=3      Strong:       	White=2     	---} 1-0

[Event "Silves Open 2025"]
[Site "Fissul"]
[Date "2025.03.03"]
[Round "1.24"]
[White "Boesel, Alexander"]
[Black "Almeida, Luis Eduardo dos Rei"]
[Result "1-0"]
[Annotator "TA"]
[ECO "C54"]
[WhiteElo "2046"]
[BlackElo "1841"]
[PlyCount "37"]
[EventDate "2025.03.03"]
[EventType "swiss"]
[EventCountry "POR"]
[SourceTitle "playchess.com"]
[Source "ChessBase"]
[SourceQuality "1"]
[TimeControl "5400+30"]

1. e4 e5 2. Nf3 Nc6 3. Bc4 Bc5 4. d3 Nf6 5. O-O O-O 6. h3 h6 7. Re1 d6 8. c3 a6 9. Bb3 Ba7 10. Nbd2 Re8 11. Nf1 Be6 12. Bc2 {[%emt 0:05:12] C54: Giuoco Piano: 4 c3 Nf6, main lines with 5 d4 and 5 d3.} Qd7 13. Ng3 d5 14. Qe2 {[%emt 0:03:32] White has an edge.} d4 15. Nh4 ({White should try} 15. a3 $11) 15... Rad8 (15... dxc3 $15 16. bxc3 Ne7) 16. Qf3 $146 (16. Nhf5 Kh7 17. Kh2 Ne7 18. Qf3 Nxf5 19. Nxf5 Bxf5 20. exf5 Qd5 21. Qxd5 Nxd5 22. Bd2 dxc3 23. bxc3 Bxf2 {0-1 Perez Gormaz,M (2421)-Karthik,V (2516) Titled Tuesday intern op 28th Mar Early blitz 2023 (11)}) 16... Ne7 {[%emt 0:10:11] [#]} (16... Nh7 $1 $11 {remains equal.}) 17. Bxh6 $1 $16 gxh6 $2 (17... dxc3 $16 {is a better chance.} 18. bxc3 Bb8) (17... c5 18. Ne2) 18. Qxf6 $18 {[%emt 0:00:47] Intending Nh5 and mate.} Kh7 19. Nh5 {[%emt 1:21:20] Weighted Error Value: White=0.23 (precise) /Black=0.73  Loses game:     	---       	Black=1      Mistake:       	White=1     	Black=2      Inaccurate:     	White=2     	Black=1      OK:         	White=3     	Black=1      Best:        	---       	Black=1      Brilliant:      	White=1     	---} (19. Qxe5 Qb5 20. Qxb5 (20. Qxc7 $2 {too greedy.} Bb8 $19) 20... axb5 $16) 1-0

[Event "Silves Open 2025"]
[Site "Fissul"]
[Date "2025.03.03"]
[Round "1.25"]
[White "Goncalves, Nuno Filipe Pocinho"]
[Black "Silverio, Vitor Luis De Jesus"]
[Result "0-1"]
[Annotator "TA"]
[ECO "B06"]
[WhiteElo "1731"]
[BlackElo "2143"]
[PlyCount "96"]
[EventDate "2025.03.03"]
[EventType "swiss"]
[EventCountry "POR"]
[SourceTitle "playchess.com"]
[Source "ChessBase"]
[SourceQuality "1"]
[TimeControl "5400+30"]

1. d4 g6 2. e4 Bg7 3. Nf3 d6 4. Bf4 a6 5. c3 b6 $146 (5... Nd7 6. Bg3 e6 7. Nbd2 Ne7 8. Bd3 b6 9. h4 h6 10. Qe2 Bb7 11. Bh2 d5 12. e5 {0-1 Asmussen,J (1567)-Moeller,M (2193) GER-ch U16 Willingen 2024 (7)}) 6. Qb3 {[%emt 0:00:30] B06: Modern Defence.} e6 7. Nbd2 Ne7 8. Bd3 {[%emt 0:00:30] White is slightly better.} Nd7 9. O-O O-O 10. Rfe1 e5 11. Bg3 Nc6 12. Bh4 Qe8 13. Qa4 (13. Rac1 $14) 13... Bb7 $11 14. Rab1 b5 15. Qc2 Rc8 16. d5 Ne7 17. a4 c6 18. Bxe7 (18. dxc6 $11 Nxc6 (18... Bxc6 19. Ra1 $11) 19. Bf1 (19. axb5 $2 Nb4 $19)) 18... Qxe7 $15 19. Qb3 (19. dxc6 $15 Bxc6 20. axb5 axb5 21. g3) 19... Nc5 $19 20. Qc2 Nxa4 {[%emt 0:00:30] Black is more active.} 21. dxc6 Bxc6 22. c4 Bd7 23. b3 Nc5 24. Ra1 b4 25. Nf1 Bh6 26. Ne3 Bxe3 27. Rxe3 Bc6 28. Ne1 Qb7 29. f3 Qb6 {[%emt 0:00:30][%cal Oc5b3] [#]} 30. Kf2 f5 (30... a5 $19 {[%cal Oa5a4] and Black stays clearly on top. and ...a4! would now be decisive} 31. Rb1 Rcd8 (31... a4 $2 32. bxa4 Ra8 33. Qd2 $19)) 31. Ke2 $2 {[%emt 0:00:30][%mdl 8192] Now White is beyond hope.} (31. exf5 $17 h6 32. g4) 31... f4 32. Qb1 {[%emt 0:00:30] White is weak on the dark squares} fxe3 33. Bc2 Ne6 34. Nd3 Qd4 35. g3 {[%emt 0:00:30] [#] Against Nf4+} Rxf3 $1 {[%emt 0:00:30] Black mates.} 36. Kxf3 (36. Qf1 Qxe4) 36... Qxe4+ 37. Ke2 Nd4+ 38. Kd1 Qh1+ 39. Ne1 Bf3+ 40. Kc1 Qxe1+ 41. Kb2 Qc3+ 42. Ka2 Rc5 43. Qb2 Ra5+ 44. Kb1 Qe1+ 45. Qc1 Rxa1+ 46. Kxa1 Qxc1+ 47. Ka2 Nxc2 48. h3 Qa1# {[%emt 0:00:30] Weighted Error Value: White=0.84/Black=0.26 (precise)   Loses game:     	White=1     	---        Mistake:       	White=3     	Black=1      Inaccurate:     	White=2     	Black=3      OK:         	White=9     	Black=14     Best:        	---       	Black=1} 0-1